 Dungeon Crawl Stone Soup version 0.30.0-29-ga12c61a403 (webtiles) character file.

Game seed: 13510542869047147550

5635 LustLizard the Destroyer (level 10, -8/69 HPs)
             Began as an Octopode Conjurer on June 12, 2023.
             Was a Follower of Ashenzari.
             Mangled by a troll (10 damage)
             ... on level 9 of the Dungeon.
             The game lasted 00:31:27 (13646 turns).

LustLizard the Destroyer (Octopode Conjurer)       Turns: 13646, Time: 00:31:27

Health: -8/69      AC:  2    Str: 10    XL:     10   Next: 74%
Magic:  13/19      EV: 17    Int: 26    God:    Ashenzari [*.....]
Gold:   624        SH:  0    Dex: 18    Spells: 17/22 levels left

rFire   . .          .
                       - Unarmed
rCold   . . .        (no shield)
rNeg    + . .        t - +1 hat
rPois   .            B - amulet of regeneration
rElec   .            h - ring "Paranoia of Ashenzari" {Dex+6, Bglg, Self} (curse)
rCorr   .            m - ring of the Restrained Augurer {rN+, Fort, Cun} (curse)
SInv    .            D - ring of the Revealing Sphere {Int+6, Melee, Comp} (curse)
Will    .....        (no ring)
Stlth   ++++         (no ring)
HPRegen 1.11/turn    (no ring)
MPRegen 0.16/turn    (no ring)
                     (no ring)

%: no passive effects
@: no status effects
A: almost no armour, amphibious, 8 rings, camouflage 1, gelatinous body 1,
(nimble swimmer 1), tentacles
a: Renounce Religion, Shatter the Chains


You were on level 9 of the Dungeon.
You worshipped Ashenzari.
Ashenzari was aware of your devotion.
You visited 1 branch of the dungeon, and saw 9 of its levels.

You collected 743 gold pieces.
You spent 119 gold pieces at shops.

Inventory:

Missiles
 b - 5 curare-tipped darts
Armour
 r - a +0 buckler
 t - a +1 hat (worn)
Jewellery
 h - the cursed ring "Paranoia of Ashenzari" (left tentacle) {Dex+6, Bglg, Self}
   (You found it on level 1 of the Dungeon)

   [ring of dexterity]

   Dex:       It affects your dexterity (+6).
   It has a curse which improves the following skills: Beguiling: Conjurations,
   Hexes and Translocations.
   Introspection: Fighting and Spellcasting.
 m - the cursed ring of the Restrained Augurer (right tentacle) {rN+, Fort, Cun}
   (You found it on level 6 of the Dungeon)

   [ring of positive energy]

   rN:        It protects you from negative energy.
   It has a curse which improves the following skills: Fortitude: Shields.
   Cunning:   Dodging and Stealth.
 n - an amulet of guardian spirit
 B - an amulet of regeneration (around mantle)
 D - the cursed ring of the Revealing Sphere (on tentacle) {Int+6, Melee, Comp}
   (You found it on level 9 of the Dungeon)

   [ring of intelligence]

   Int:       It affects your intelligence (+6).
   It has a curse which improves the following skills: Melee Combat: Short
   Blades, Long Blades, Axes, Maces & Flails, Polearms, Staves and Unarmed
   Combat.
   Companions: Summonings and Necromancy.
Wands
 f - a wand of polymorph (4)
 j - a wand of quicksilver (11)
 y - a wand of charming (15)
 A - a wand of roots (12)
 C - a wand of flame (9)
Scrolls
 c - a scroll of butterflies
 d - 5 scrolls of teleportation
 i - a scroll of blinking
 p - 2 scrolls of magic mapping
 u - 3 scrolls of fear
 w - a scroll of acquirement
 x - 2 scrolls of poison
Potions
 a - 3 potions of magic
 e - 2 potions of resistance
 g - 2 potions of flight
 k - a potion of haste
 l - 3 potions of mutation
 o - 2 potions of berserk rage
 q - a potion of ambrosia
 s - 3 potions of curing
 z - a potion of lignification
 E - a potion of might


   Skills:
 + Level 5.8(6.6) Fighting
 + Level 6.3(7.1) Dodging
 - Level 4.4(5.2) Stealth
 + Level 3.0(3.7) Shields
 * Level 6.5(7.3) Unarmed Combat
 + Level 5.7(6.5) Spellcasting
 - Level 8.2(9.0) Conjurations
 - Level 5.2(6.0) Hexes


You had 17 spell levels left.
You knew the following spells:

 Your Spells              Type           Power      Damage    Failure   Level
a - Magic Dart            Conj           100%       1d8       1%          1
b - Fulminant Prism       Conj/Hex       23%        3d12      3%          4

Your spell library contained the following spells:

 Spells                   Type           Power      Damage    Failure   Level
 Foxfire                  Conj/Fire      100%       2x1d9     1%          1
 Kiss of Death            Conj/Necr      100%       2d13      1%          1
 Shock                    Conj/Air       100%       1d9       1%          1
 Slow                     Hex            100%       N/A       1%          1
 Searing Ray              Conj           100%       2d8       1%          2
 Confusing Touch          Hex            39%        N/A       1%          3
 Dazzling Flash           Conj/Hex       94%        N/A       1%          3
 Ensorcelled Hibernation  Hex/Ice        48%        N/A       3%          2
 Passwall                 Tmut/Erth      6%         N/A       10%         2
 Iskenderun's Mystic Bla  Conj/Tloc      32%        2d8       10%         4
 Vampiric Draining        Necr           8%         2d6       19%         3
 Swiftness                Air            8%         N/A       21%         3
 Airstrike                Air            4%         2d(1-17)  54%         4
 Orb of Destruction       Conj           26%        9d9       80%         7


Dungeon Overview and Level Annotations

Branches:
Dungeon (9/15)             Temple (0/1) D:4            Lair (0/5) D:8
    Orc: D:9-12

Altars:
Ashenzari
Cheibriados
Gozag
Hepliaklqana
Makhleb
Trog
Zin

Shops:
D:1 *   D:5 *   D:6 *[   D:9 [

Annotations:
D:8 exclusion: manticore
D:9 exclusion: acid dragon


Innate Abilities, Weirdness & Mutations

You cannot wear most types of armour.
You are amphibious.
You can wear up to eight rings at the same time.
Your skin changes colour to match your surroundings (Stealth+).
Your rubbery body absorbs attacks. (AC +1, EV +1)
((You are camouflaged when in or above water. (Stealth+)))
You have tentacles for arms and can constrict up to eight enemies at once.


Message History

The troll bites you. The troll claws you but does no damage.
The troll claws you!
You bludgeon the troll! Your squeeze misses the troll.
The troll is severely wounded.
The troll bites you!! The troll claws you. The troll closely misses you.
You are too injured to fight recklessly!
You are too injured to fight recklessly!
Aiming: Magic Dart (safe; 1% risk of failure)
Press: ? - help, Q - select action, (/) - cycle Shift-Dir - straight line, f/p - troll
Aim: a troll (severely wounded, 100% to hit)
The magic dart hits the troll.
The troll is severely wounded.
The troll bites you!!
* * * LOW HITPOINT WARNING * * *
The troll claws you!
* * * LOW HITPOINT WARNING * * *
The troll claws you but does no damage.
Aiming: Magic Dart (safe; 1% risk of failure)
Press: ? - help, Q - select action, (/) - cycle Shift-Dir - straight line, f/p - troll
Aim: a troll (severely wounded, 100% to hit)
The magic dart hits the troll.
The troll is almost dead.
The troll barely misses you. The troll misses you. x2
You feel much better. The troll bites you.
* * * LOW HITPOINT WARNING * * *
The troll misses you. The troll claws you.
* * * LOW HITPOINT WARNING * * *
Aiming: Magic Dart (safe; 1% risk of failure)
Press: ? - help, Q - select action, (/) - cycle Shift-Dir - straight line, f/p - troll
Aim: a troll (almost dead, 100% to hit)
The magic dart hits the troll but does no damage.
The troll is almost dead.
The troll misses you. The troll claws you!
* * * LOW HITPOINT WARNING * * *
The troll claws you!
* * * LOW HITPOINT WARNING * * *
You tentacle-slap the troll.
The troll is almost dead.
The troll misses you. The troll claws you!
You die...

.....#####...#####.........###...
.....'....._.....'...........#...
.....#####...#####........####...
.........#####............#......
...............##.........###....
#####.......................#....
#...#...########............'....
#...#...#......#............#....
#...#.###......T@.########..#....
#...#.# ......#).# #..#####
#...#.# ..... #..# #..>....
#...#.##########).# #.......
'...#.............########.......
#...#............................
#...#...#######....[..###########
#####...#.....#.....^.#..........
........#...>.#.......#..........


You could see a troll.

Vanquished Creatures
  A two-headed ogre (D:8)
  Grinder (D:6)
  2 yaks (D:8)
  Eustachio (D:5)
  A wyvern (D:9)
  Grum (D:8)
  A steam dragon (D:9)
  Edmund (D:4)
  2 water moccasins
  An ice beast (D:6)
  4 orc warriors
  The ghost of Kranky the Trooper, an amateur MiBe of Trog (D:3)
  3 ogres
  2 wolves (D:8)
  A centaur (D:9)
  A kobold brigand (D:8)
  2 phantoms
  Blork the orc (D:4)
  4 bullfrogs (D:8)
  4 scorpions
  A gnoll sergeant (D:9)
  5 wights
  A howler monkey (D:7)
  6 hounds
  2 gnoll boudas
  6 orc priests
  2 jellies
  9 iguanas
  6 sleepcaps
  11 orc wizards
  Robin (D:3)
  18 gnolls
  7 adders
  A shadow imp (D:8)
  3 white imps
  3 worms
  A dart slug (D:5)
  23 orcs
  4 endoplasms
  A giant cockroach (D:3)
  7 hobgoblins
  12 jackals
  4 quokkas
  4 ball pythons
  6 bats
  A frilled lizard (D:3)
  12 goblins
  8 kobolds
  8 rats
208 creatures vanquished.

Vanquished Creatures (others)
  21 fulminant prisms
21 creatures vanquished.

Grand Total: 229 creatures vanquished

Notes
Turn   | Place    | Note
-------+----------+-------------------------------------------
     0 | D:1      | LustLizard the Octopode Conjurer began the quest for the
                  | Orb.
     0 | D:1      | Reached XP level 1. HP: 11/11 MP: 3/3
   303 | D:1      | Found a faded altar of an unknown god.
   540 | D:1      | Reached XP level 2. HP: 18/18 MP: 0/5
   902 | D:1      | Found Obutiwk's Assorted Antiques.
   921 | D:1      | Bought a sedimented white potion for 22 gold pieces
   921 | D:1      | Bought a metallic clear potion for 22 gold pieces
  1149 | D:2      | Reached XP level 3. HP: 22/22 MP: 1/6
  1469 | D:2      | Reached skill level 1 in Fighting
  1833 | D:2      | Reached XP level 4. HP: 23/28 MP: 0/7
  1944 | D:2      | Learned a level 4 spell: Fulminant Prism
  2496 | D:1      | Bought a scroll labelled PAOMAC LEDUBY for 25 gold pieces
  2496 | D:1      | Bought a scroll labelled BETAMU JOCZIMM for 25 gold pieces
  2496 | D:1      | Bought a scroll labelled CEATRAFR EVURO for 25 gold pieces
  2860 | D:3      | Reached skill level 1 in Hexes
  2860 | D:3      | Reached XP level 5. HP: 19/33 MP: 1/8
  3280 | D:3      | HP: 1/34 [jackal (2)]
  3476 | D:3      | Found a runed translucent gate.
  3476 | D:3      | Found a runed translucent gate.
  3476 | D:3      | Found a runed translucent gate.
  3477 | D:3      | Found an opulent altar of Gozag.
  3479 | D:3      | Noticed Kranky's ghost (amateur MiBe)
  3491 | D:3      | Reached skill level 1 in Unarmed Combat
  3598 | D:3      | Found a hazy altar of Hepliaklqana.
  3910 | D:4      | Found a broken altar of Ashenzari.
  3910 | D:4      | Found a snail-covered altar of Cheibriados.
  3920 | D:4      | Became a worshipper of Ashenzari the Shackled
  3956 | D:4      | Found a staircase to the Ecumenical Temple.
  3986 | D:4      | Reached XP level 6. HP: 39/39 MP: 4/9
  3988 | D:4      | Noticed Robin
  4006 | D:3      | Killed Robin
  4277 | D:4      | Reached skill level 5 in Conjurations
  4607 | D:4      | Noticed Edmund
  4974 | D:4      | Reached XP level 7. HP: 36/45 MP: 7/11
  4987 | D:4      | HP: 1/45 [iguana (15)]
  5503 | D:4      | Noticed Blork the orc
  5515 | D:4      | HP: 1/45 [Blork the orc/+0 scimitar (15)]
  5516 | D:4      | Killed Blork the orc
  5765 | D:5      | Entered Level 5 of the Dungeon
  5800 | D:5      | Found Amow's Distillery.
  6214 | D:5      | Found Xesepon's Lightly-Used Armoury.
  6234 | D:5      | Noticed Eustachio
  6272 | D:5      | Reached skill level 6 in Conjurations
  6272 | D:5      | Reached XP level 8. HP: 26/52 MP: 4/13
  7164 | D:6      | Reached * piety under Ashenzari
  7754 | D:6      | Found Xokucs's Armour Shop.
  7757 | D:6      | Noticed Grinder
  7973 | D:6      | Found a bloodstained altar of Trog.
  7973 | D:6      | Identified Peklek's Book of Retrieval
  8068 | D:6      | Paralysed by Grinder for 3 turns
  8076 | D:6      | Killed Grinder
  8132 | D:6      | Found Mumevoc's Elemental Accessories.
  8325 | D:7      | Reached XP level 9. HP: 49/59 MP: 12/16
  8339 | D:6      | Reached skill level 5 in Hexes
  8544 | D:7      | Reached skill level 7 in Conjurations
  9035 | D:7      | Identified a scroll of acquirement
 10060 | D:8      | Reached skill level 5 in Dodging
 10273 | D:8      | Noticed a two-headed ogre
 10460 | D:8      | Reached skill level 8 in Conjurations
 10827 | D:8      | Noticed a two-headed ogre
 10898 | D:8      | Killed a two-headed ogre
 10899 | D:8      | Reached skill level 5 in Fighting
 10899 | D:8      | Reached skill level 1 in Shields
 10899 | D:8      | Reached skill level 5 in Unarmed Combat
 10899 | D:8      | Reached skill level 5 in Spellcasting
 10899 | D:8      | Reached XP level 10. HP: 8/68 MP: 9/18
 11379 | D:8      | Noticed Grum
 11430 | D:8      | Noticed a manticore
 11696 | D:3      | Killed Kranky's ghost
 11809 | D:4      | Killed Edmund
 11865 | D:4      | Identified the Parchment of the Roasted Volley
 11939 | D:5      | Killed Eustachio
 12336 | D:8      | Found a burning altar of Makhleb.
 12400 | D:8      | Found a staircase to the Lair.
 12426 | D:8      | Killed Grum
 12865 | D:9      | Found the +5 robe of Misfortune {Harm *Corrode *Slow EV+5}
 13151 | D:9      | Found a glowing silver altar of Zin.
 13442 | D:9      | Found Goixke's Antique Armour Shoppe.
 13645 | D:9      | HP: 1/69 [troll (7)]
 13646 | D:9      | Mangled by a troll

Illustrated notes

Levels and vault maps discovered:
D:1:      matt_arrival_grand_opening, layout_loops_cross, serial_shops,
          nicolae_shop_tiny_glass, basic_ecumenical_altar
D:2:      layout_basic
D:3:      layout_rooms, general_overflow_altar, ebering_ghost_gozag
D:4:      layout_basic, gammafunk_temple_overflow_pools,
          minmay_temple_entry_crystal_x, uniq_blork_the_orc, uniq_robin,
          uniq_edmund
D:5:      layout_cave_pools, serial_shops, shop, minmay_shop_damaged,
          hellmonk_no_cap, uniq_eustachio
D:6:      layout_basic, trog_book, serial_shops, nicolae_shop_trees,
          nicolae_elemental_shop, chequers_serial_rivers_small_a, uniq_grinder
D:7:      layout_cave_pools
D:8:      cheibrodos_two_vegetables, layout_basic, mainiacjoe_overflow_brackets,
          due_lair_maze_entry_diamond, uniq_grum
D:9:      layout_irregular_city, mainiacjoe_overflow_surrounded_room,
          serial_shops, nicolae_shop_tiny_real_fake_doors, chequers_garden

Skill      XL: |  1  2  3  4  5  6  7  8  9 10 |
---------------+-------------------------------+-----
Stealth        | 3 4 |  4.4
Fighting       | 1 2 3 5 |  5.8
Hexes          | 1 2 3 4 5 |  5.2
Unarmed Combat | 1 2 3 5 6 |  6.5
Dodging        | 3 4 5 6 |  6.3
Conjurations   | 5 6 8 |  8.2
Spellcasting   | 3 5 |  5.7
Shields        | 1 3 |  3.0

Action                     |  1- 3 |  4- 6 |  7- 9 | 10-12 || total
---------------------------+-------+-------+-------+-------++-------
  Melee: Unarmed           |    14 |    27 |   121 |    49 ||   211
         Constrict         |     5 |     8 |    38 |     5 ||    56
         Tentacles         |     5 |     9 |    36 |    12 ||    62
         Punch             |       |       |     4 |     4 ||     8
   Cast: Magic Dart        |    58 |   160 |   398 |   142 ||   758
         Fulminant Prism   |       |       |     7 |    14 ||    21
 Invoke: Curse Item        |       |       |     2 |     1 ||     3
    Use: Potion            |       |     3 |       |     2 ||     5
         Scroll            |       |     1 |     8 |     1 ||    10
   Stab: Sleeping          |       |       |     1 |       ||     1
 Armour: Skin              |     3 |     6 |     4 |     7 ||    20
  Dodge: Dodged            |    23 |    38 |   123 |    75 ||   259
